 Dungeon Crawl Stone Soup version 0.29.1-13-g9f3cf754e1 (webtiles) character file.

Game seed: 510241978544476275

12 Thatpatchoflichen the Trooper (level 2, 0/33 HPs)
             Began as an Ogre Monk on Feb 7, 2023.
             Killed from afar by a dart slug (5 damage)
             ... with a slug dart
             ... on level 1 of the Dungeon.
             The game lasted 00:00:53 (437 turns).

Thatpatchoflichen the Trooper (Ogre Monk)            Turns: 437, Time: 00:00:54

Health: 0/33       AC:  3    Str: 14    XL:     2   Next: 33%
Magic:  2/2        EV: 10    Int: 11    God:
Gold:   0          SH:  0    Dex: 11    Spells: 1/1 levels left

rFire   . . .      SeeInvis .   a - +0 mace
rCold   . . .      Faith    .   (no shield)
rNeg    . . .      Spirit   .   b - +0 robe
rPois   .          Reflect  .   (helmet restricted)
rElec   .          Harm     .   (no cloak)
rCorr   .          Rampage  .   (gloves unavailable)
Will    .....                   (boots unavailable)
Stlth   ++........              (no amulet)
HPRegen 0.11/turn               (no ring)
MPRegen 0.08/turn               (no ring)

@: no status effects
A: large, unfitting armour, tough skin 1
a: no special abilities


You were on level 1 of the Dungeon.
You visited 1 branch of the dungeon, and saw 1 of its levels.

Inventory:

Hand Weapons
 a - a +0 mace (weapon)
Armour
 b - a +0 robe (worn)
Potions
 c - a potion of ambrosia
 d - a potion of flight {unknown}
 e - a potion of might {unknown}


   Skills:
 * Level 4.4 Fighting
 * Level 3.0 Maces & Flails
 + Level 2.8 Dodging
 - Level 1.4 Stealth


You had one spell level left.
You didn't know any spells.
Your spell library was empty.

Dungeon Overview and Level Annotations

Branches:
Dungeon (1/15)

Altars:

Shops:
D:1 :


Innate Abilities, Weirdness & Mutations

You are too large for most types of armour.
You have tough skin. (AC +1)


Message History

You kill the quokka!
A gnoll comes into view. It is wielding a +0 club.
Found a dagger.
A gnoll is nearby!
Found a stone staircase leading down.
Found an escape hatch in the floor.
A dart slug and a hobgoblin come into view.
Found a scroll labelled UNTAGATIRY.
You hit the gnoll.
The gnoll is lightly wounded.
The hobgoblin shouts!
The gnoll hits you with a +0 club.
You hit the gnoll but do no damage.
The gnoll is lightly wounded.
The hobgoblin hits you but does no damage.
The gnoll hits you with a +0 club! The hobgoblin attacks as you move away!
The hobgoblin barely misses you. The gnoll attacks as you move away!
The gnoll hits you with a +0 club!
* * * LOW HITPOINT WARNING * * *
You closely miss the hobgoblin. The hobgoblin hits you.
* * * LOW HITPOINT WARNING * * *
The hobgoblin closely misses you. The hobgoblin attacks as you move away!
The hobgoblin hits you but does no damage.
You hit the hobgoblin.
The hobgoblin is almost dead.
The hobgoblin hits you.
* * * LOW HITPOINT WARNING * * *
You barely miss the hobgoblin.
The hobgoblin is almost dead.
The hobgoblin closely misses you.
You hit the hobgoblin.
You kill the hobgoblin!
Your life force feels restored.
Your Maces & Flails skill increases to level 3!
The dart slug launches a dart at you. The slug dart misses you.
The dart slug launches a dart at you. The slug dart hits you.
You die...

^....# ......# ..)....
.>....? #########
.......##.......##
...........w..#..####
....>..##.⌠.⌠g.......
......###..$..##..#####
...........∩..@##...†)##
........#........####..##
........#.⌠.⌠.##..........
..............##..####....#
...........######.######....
....#....).........## ###.#
.(.##.##............## . ..
#########.#...### #.......##


You could see a gnoll and a dart slug.

Vanquished Creatures
  A goblin (D:1)
  3 hobgoblins (D:1)
  A kobold (D:1)
  A quokka (D:1)
  4 ball pythons (D:1)
10 creatures vanquished.

Notes
Turn   | Place    | Note
-------+----------+-------------------------------------------
     0 | D:1      | Thatpatchoflichen the Ogre Monk began the quest for the
                  | Orb.
     0 | D:1      | Reached XP level 1. HP: 24/24 MP: 1/1
    61 | D:1      | Reached XP level 2. HP: 11/32 MP: 2/2
   304 | D:1      | Found Ysygasen's Vocational Training.
   437 | D:1      | Killed from afar by a dart slug

Illustrated notes

Levels and vault maps discovered:
D:1:      amcnicky_arrival_abandoned_market, layout_rooms,
          nicolae_shop_vocational

Skill      XL: |  1  2 |
---------------+-------+-----
Maces & Flails | 3 |  3.0
Fighting       | |  4.4
Dodging        | |  2.8
Stealth        | |  1.4

Action                   || total
-------------------------++-------
Melee: Mace              ||    38
Armor: Robe              ||    17
Dodge: Dodged            ||    26
